 Dungeon Crawl Stone Soup version 0.21.1-1-g345015f (webtiles) character file.

270 sking99 the Chopper (level 6, -1/84 HPs)
             Began as a Hill Orc Fighter on June 29, 2018.
             Was a Priest of Uskayaw.
             Slain by an ooze (2 damage)
             ... on level 3 of the Dungeon.
             The game lasted 00:05:53 (2180 turns).

sking99 the Chopper (Hill Orc Fighter)              Turns: 2180, Time: 00:05:54

Health: -1/84      AC: 23    Str: 19    XL:     6   Next: 22%
Magic:  3/7        EV:  2    Int:  8    God:    Uskayaw [***...]
Gold:   138        SH: 10    Dex: 12    Spells: 5/5 levels left

rFire    . . .     SeeInvis .   a - +1 war axe
rCold    . . .     Gourm    .   c - +1 shield
rNeg     + + +     Faith    .   (armour currently unavailable)
rPois    +         Spirit   .   (helmet currently unavailable)
rElec    .         Reflect  .   (cloak currently unavailable)
rCorr    .         Harm     .   (gloves currently unavailable)
MR       .....     NoTele   +   (boots currently unavailable)
Stlth    +.........             (no amulet)
HPRegen  0.24/turn              (no ring)
MPRegen  0.10/turn              (no ring)

@: tree-form (expiring)
A: no striking features
a: Stomp, Line Pass, Renounce Religion


You were on level 3 of the Dungeon.
You worshipped Uskayaw.
Uskayaw was noncommittal.
You were hungry.
You were a tree.
You visited 1 branch of the dungeon, and saw 3 of its levels.

You collected 138 gold pieces.

Inventory:

Hand Weapons
 a - a +1 war axe (weapon)
Armour
 b - a +0 scale mail (melded)
 c - a +1 shield (worn)
Jewellery
 n - a +3 ring of protection {unknown}
Scrolls
 g - 5 scrolls of identify
 h - 4 scrolls of amnesia
 l - a scroll of remove curse
Potions
 d - 2 potions of might
Comestibles
 f - 6 rations


   Skills:
 + Level 5.3 Fighting
 * Level 6.8 Axes
 - Level 3.2 Armour
 - Level 3.2 Shields
 + Level 1.6 Invocations


You had 5 spell levels left.
You didn't know any spells.

Dungeon Overview and Level Annotations

Branches:
Dungeon (3/15)

Altars:
Dithmenos
Okawaru
Uskayaw
Wu Jian
Xom


Message History

You block the ooze's attack.
The jelly hits something.
Uskayaw will force your foes to helplessly watch your dance.
Uskayaw prepares the audience for your solo!
The helpless ooze fails to defend itself.
You hit the ooze.
The ooze is almost dead.
The helpless ooze fails to defend itself.
You slash the ooze!
You kill the ooze!
The helpless ooze fails to defend itself.
You slash the ooze!
You kill the ooze!
The helpless ooze fails to defend itself.
You slash the ooze!
You kill the ooze!
The ooze is no longer paralysed. x2; The jelly is no longer paralysed. x2
The ooze is no longer paralysed.
The ooze barely misses you. The ooze hits you.
* * * LOW HITPOINT WARNING * * *
The ooze hits you.
You die...

#
##.###.##.......##########
### #......##[......# ..#
##.##.####.......#
#.#####...#.## #.......#
##### #.......#....#
#....#### #...#
#.#####...#.##
#....'..#####(# ..#
##.##.# ########(# #.# ###
#.##.# ##J§)J..## #.# #
#....##*#♣#######*###.###
#
#_....##JJJJ.P.P.*#.....#
#
#....###§§§§.....*#.....#
# ##.#.#
#.P..§....*###...# # #.#.#
#.÷.....÷.*###...# #
#.#.###.P.P.P...*#.....##
#
#....##.P.P...J$*###.....
##
###.############*#...#.##
.## #.### ###.#.#


You could see 2 jellies and 3 oozes.

Vanquished Creatures
  A jelly (D:3)
  Jessica (D:2)
  Natasha (thrice) (D:2)
  5 adders
  7 oozes
  2 worms (D:2)
  A dart slug (D:3)
  4 orcs (D:3)
  6 bats
  A giant cockroach (D:2)
  3 goblins
  2 hobgoblins (D:2)
  4 jackals (D:3)
  14 kobolds
  A quokka (D:2)
  5 frilled lizards
  3 rats
63 creatures vanquished.

Vanquished Creatures (others)
  A fungus (D:3)
  8 toadstools (D:3)
9 creatures vanquished.

Grand Total: 72 creatures vanquished

Notes
Turn   | Place    | Note
-------+----------+-------------------------------------------
     0 | D:1      | sking99 the Hill Orc Fighter began the quest for the Orb.
     0 | D:1      | Reached XP level 1. HP: 19/19 MP: 1/1
   215 | D:1      | Reached skill level 3 in Axes
   269 | D:2      | Reached XP level 2. HP: 21/27 MP: 2/2
   506 | D:2      | Noticed Natasha
   510 | D:2      | Noticed a crimson imp
   512 | D:2      | Noticed a crimson imp
   515 | D:2      | Killed Natasha
   515 | D:2      | Reached skill level 4 in Axes
   515 | D:2      | Reached XP level 3. HP: 22/34 MP: 3/3
   579 | D:2      | Noticed Natasha
   594 | D:2      | Killed Natasha
   594 | D:2      | Reached skill level 5 in Axes
   594 | D:2      | Reached XP level 4. HP: 19/41 MP: 4/4
   656 | D:2      | Noticed Natasha
   666 | D:2      | Killed Natasha
  1083 | D:2      | Found an iron altar of Okawaru.
  1086 | D:2      | Found a hide-covered altar of Uskayaw.
  1086 | D:2      | Found a shimmering altar of Xom.
  1098 | D:2      | Reached XP level 5. HP: 38/47 MP: 5/5
  1107 | D:2      | Found a shadowy altar of Dithmenos.
  1126 | D:2      | Became a worshipper of Uskayaw the Reveler
  1206 | D:2      | Noticed Jessica
  1210 | D:2      | Killed Jessica
  1210 | D:2      | Reached skill level 5 in Fighting
  1210 | D:2      | Reached skill level 6 in Axes
  1210 | D:2      | Reached * piety under Uskayaw
  1357 | D:2      | Reached ** piety under Uskayaw
  1838 | D:3      | Reached skill level 1 in Invocations
  2074 | D:3      | Found an ornate altar of the Wu Jian Council.
  2161 | D:3      | HP: 2/48 [ooze (4)]
  2173 | D:3      | HP: 2/72 [ooze (1)]
  2177 | D:3      | Reached XP level 6. HP: 3/56 MP: 2/7
  2179 | D:3      | Reached *** piety under Uskayaw
  2180 | D:3      | HP: 1/84 [ooze (3)]
  2180 | D:3      | Slain by an ooze

Skill      XL: |  1  2  3  4  5 |
---------------+----------------+-----
Axes           | 3 4 5 6 |  6.8
Fighting       | 4 5 |  5.3
Invocations    | 1 |  1.6
Armour         | |  3.2
Shields        | |  3.2

Action                   |  1- 3 |  4- 6 || total
-------------------------+-------+-------++-------
Melee: War axe           |    56 |   138 ||   194
Invok: Line Pass         |       |     1 ||     1
  Use: Scroll            |       |     9 ||     9
       Potion            |       |     1 ||     1
 Stab: Paralysed         |       |     4 ||     4
  Eat: Chunk             |       |     4 ||     4
Armor: Scale mail        |    18 |    70 ||    88
       Skin              |       |    23 ||    23
Dodge: Dodged            |    14 |    50 ||    64
Block: Shield            |    27 |    83 ||   110
